AoeStats
← photphet

Fortress

507443211Analyzed
4v4 RM · 15d ago on Sep 18, 2026· 55m 1s· 8 players
Game mode
Random Map
Map size
Huge
Population
200
Speed
Normal
Resources
Standard
Victory
Conquest
Starting age
Dark Age
Ending age
Imperial Age
RankedLock teamsTeams togetherTeam positionsShared explorationLock speedFull tech treeHidden civsTurbo modeCheats
Victory
Defeat
🇭🇰 Shu · Hong Kong SAR China
894
+17
🇩🇪 Poles · Germany
873
+18
🇲🇽 Cumans · Mexico
864
+18
🇹🇷 Franks · Türkiye
802
+20
🇨🇳 Byzantines · China
1002
-23
🇫🇷 Celts · France
972
-21
🇮🇩 Khmer · Indonesia
862
-16
🇯🇵 Bohemians · Japan
786
-13
Borzak4113
1:02 Loom
7:33 Feudal Age
8:38 Double-Bit Axe
9:11 Horse Collar
16:12 Wheelbarrow
15:23 Town Watch
22:51 Castle Age
23:40 Caravan
25:45 Bloodlines
27:12 Fletching
27:24 Padded Archer Armor
30:04 Imperial Age
29:17 Bodkin Arrow
29:38 Leather Archer Armor
30:27 Heavy Plow
30:44 Forging
30:39 Scale Barding Armor
31:08 Conscription
32:33 Ring Archer Armor
32:39 Iron Casting
34:16 Ballistics
34:57 Chemistry
34:08 Masonry
33:55 Murder Holes
38:11 Elite Kipchak
40:08 Cavalier
44:44 Blast Furnace
44:05 Chain Barding Armor
44:12 Paladin
46:06 Elite Skirmisher
46:52 Thumb Ring
48:32 Plate Barding Armor
No.09
2:33 Loom
9:16 Feudal Age
10:37 Double-Bit Axe
12:34 Wheelbarrow
15:30 Castle Age
14:17 Stone Mining
16:25 Gold Mining
17:38 Crossbowman
18:26 Thumb Ring
18:16 Fletching
19:59 Bow Saw
20:55 Bodkin Arrow
22:28 Padded Archer Armor
23:35 Hand Cart
26:46 Leather Archer Armor
27:14 Ballistics
31:10 Imperial Age
31:05 Fortified Wall
31:07 Masonry
31:20 Horse Collar
32:02 Arbalester
33:05 Conscription
32:48 Bolt Magazine
33:16 Bracer
33:20 Heavy Plow
35:03 Chemistry
35:26 Two-Man Saw
39:37 Ring Archer Armor
41:09 Siege Engineers
51:56 Hoardings
Macholdi
0:42 Loom
6:56 Feudal Age
8:48 Wheelbarrow
8:20 Double-Bit Axe
8:34 Horse Collar
9:08 Gold Mining
11:40 Stone Mining
17:17 Castle Age
18:49 Hand Cart
18:48 Bow Saw
18:41 Heavy Plow
19:58 Stone Shaft Mining
25:12 Scale Barding Armor
26:09 Szlachta Privileges
27:18 Caravan
27:49 Coinage
27:50 Husbandry
28:01 Bloodlines
27:13 Light Cavalry
28:51 Chain Barding Armor
28:42 Forging
31:13 Imperial Age
31:19 Cavalier
31:20 Winged Hussar
33:20 Chemistry
34:29 Conscription
34:30 Lechitic Legacy
53:19 Banking
DARK STORM7984
9:03 Feudal Age
9:33 Double-Bit Axe
15:01 Castle Age
16:22 Wheelbarrow
16:28 Loom
17:35 Hand Cart
18:57 Gold Mining
20:39 Gold Shaft Mining
20:40 Town Watch
26:12 Imperial Age
24:25 Stone Mining
24:51 Scale Barding Armor
25:24 Forging
26:05 Bow Saw
26:26 Husbandry
27:01 Chain Barding Armor
27:18 Iron Casting
26:19 Cavalier
28:38 Conscription
32:17 Paladin
33:17 Chivalry
34:23 Blast Furnace
33:58 Plate Barding Armor
32:50 Elite Skirmisher
34:55 Padded Archer Armor
34:45 Fletching
36:00 Chemistry
34:46 Arrowslits
35:24 Ballistics
38:26 Man-at-Arms
39:49 Squires
41:41 Leather Archer Armor
41:24 Bodkin Arrow
46:33 Caravan
52:01 Pikeman
53:04 Halberdier
photphet
6:25 Loom
10:24 Feudal Age
10:56 Double-Bit Axe
10:55 Horse Collar
14:50 Castle Age
13:22 Padded Archer Armor
16:13 Wheelbarrow
16:46 Town Watch
20:24 Leather Archer Armor
25:43 Chemistry
26:36 Ballistics
30:52 Imperial Age
38:03 Ring Archer Armor
38:39 Murder Holes
45:26 Hand Cart
46:11 Conscription
50:40 Siege Engineers
TaiwanIsChina's
1:15 Loom
7:53 Feudal Age
9:11 Double-Bit Axe
14:59 Castle Age
13:09 Horse Collar
17:32 Wheelbarrow
17:49 Bow Saw
20:14 Fortified Wall
21:23 Crossbowman
26:18 Imperial Age
24:35 Hand Cart
25:01 Heavy Plow
25:54 Caravan
25:22 Pikeman
26:04 Squires
28:05 Chemistry
27:23 Scale Mail Armor
28:36 Two-Man Saw
28:40 Gold Mining
30:08 Gold Shaft Mining
29:48 Halberdier
31:12 Chain Mail Armor
31:08 Forging
32:20 Crop Rotation
33:21 Plate Mail Armor
34:20 Iron Casting
34:51 Conscription
35:45 Ballistics
35:21 Murder Holes
35:06 Treadmill Crane
36:08 Fletching
36:17 Stone Mining
36:42 Arson
41:15 Bodkin Arrow
41:42 Elite Skirmisher
42:54 Padded Archer Armor
42:54 Bracer
44:27 Hoardings
44:57 Leather Archer Armor
45:55 Stone Shaft Mining
49:55 Husbandry
49:16 Heavy Camel Rider
53:39 Scale Barding Armor
54:05 Ring Archer Armor
La Fleur2926
6:47 Feudal Age
5:46 Loom
14:15 Castle Age
13:03 Double-Bit Axe
13:01 Horse Collar
13:49 Gold Mining
16:36 Stone Mining
28:40 Imperial Age
26:53 Fortified Wall
28:16 Wheelbarrow
29:34 Caravan
29:59 Hand Cart
31:12 Gold Shaft Mining
31:27 Heavy Scorpion
33:31 Capped Ram
40:36 Pikeman
43:45 Halberdier
heliopopsol
0:28 Loom
10:20 Feudal Age
11:53 Wheelbarrow
11:25 Double-Bit Axe
13:02 Stone Mining
13:03 Gold Mining
12:56 Horse Collar
13:05 Arson
19:41 Castle Age
20:49 Pikeman
22:48 Hand Cart
26:44 Stone Shaft Mining
26:38 Bow Saw
28:23 Caravan
28:36 Scale Mail Armor
30:06 Gold Shaft Mining
35:26 Imperial Age
33:10 Heavy Plow
33:40 Forging
33:26 Fletching
36:39 Conscription
36:41 Double Crossbow
36:24 Halberdier
40:55 Elite Ballista Elephant
43:38 Padded Archer Armor
44:14 Iron Casting
43:45 Scale Barding Armor
43:36 Bodkin Arrow
Connection lost

Rejoining the realm…

Still unreachable

The connection could not be restored.

Session expired

The server has moved on; the page needs a fresh start.